 Dungeon Crawl Stone Soup version 0.24-a0-616-ge2a249a6fd (webtiles) character file.

Game seed: 14225526348054908001, levelgen mode: deterministic

434 Chimkentus the Skirmisher (level 7, -9/49 HPs)
             Began as an Octopode Fighter on Sept 14, 2019.
             Mangled by an ogre
             ... wielding a +0 giant club
              (29 damage)
             ... on level 5 of the Dungeon.
             The game lasted 00:20:41 (3427 turns).

Chimkentus the Skirmisher (Octopode Fighter)        Turns: 3427, Time: 00:20:41

Health: -9/49      AC:  1    Str: 20    XL:     7   Next: 0%
Magic:  7/7        EV: 12    Int: 11    God:
Gold:   156        SH:  9    Dex: 13    Spells: 6/6 levels left

rFire    . . .     SeeInvis .   a - +0 long sword
rCold    . . .     Gourm    .   b - +0 shield
rNeg     . . .     Faith    .   (helmet restricted)
rPois    .         Spirit   .   k - amulet of the acrobat
rElec    .         Reflect  .   (no ring)
rCorr    .         Harm     .   (no ring)
MR       .....                  (no ring)
Stlth    +++.......             (no ring)
HPRegen  0.16/turn              (no ring)
MPRegen  0.10/turn              (no ring)
                                (no ring)
                                (no ring)

@: mighty
A: almost no armour, stealthy swim, amphibious, 8 rings, constrict 8, camouflage
1, gelatinous body 1
a: no special abilities


You were on level 5 of the Dungeon.
You were hungry.

You visited 1 branch of the dungeon, and saw 5 of its levels.

You collected 156 gold pieces.

Inventory:

Hand Weapons
 a - a +0 long sword (weapon)
 e - a +0 hand axe
 g - a +0 dagger
 i - a +0 hunting sling
 p - a +0 war axe
Missiles
 h - 178 stones
 m - 56 poisoned darts (quivered)
 n - 3 boomerangs
Armour
 b - a +0 shield (worn)
Jewellery
 k - an amulet of the acrobat (around mantle)
Scrolls
 l - 2 scrolls of remove curse
 r - a scroll of noise
 s - a scroll of identify
Potions
 c - a potion of haste
 f - a potion of ambrosia
 j - 3 potions of heal wounds
 o - a potion of agility
Comestibles
 d - 5 rations


   Skills:
 * Level 4.3 Fighting
 + Level 0.3(2.3) Short Blades
 + Level 3.7(3.8) Long Blades
 + Level 0.5(1.6) Slings
 + Level 2.3(2.4) Throwing
 + Level 3.8 Dodging
 + Level 2.6 Stealth
 * Level 4.1 Shields


You had 6 spell levels left.
You didn't know any spells.
Your spell library was empty.

Dungeon Overview and Level Annotations

Branches:
Dungeon (5/15)
 Temple: D:4-7

Altars:

Shops:
D:4 =


Innate Abilities, Weirdness & Mutations

You cannot wear most types of armour.
You are very stealthy in the water. (Stealth+)
You are amphibious.
You can wear up to eight rings at the same time.
You can use your tentacles to constrict eight enemies at once.
Your skin changes colour to match your surroundings (Stealth+).
Your rubbery body absorbs attacks. (AC +1, EV +1)


Message History

Wield which item (- for none, * to show all)? (? for menu, Esc to quit)
g - a +0 dagger (weapon)
Okay, then.
The helpless ogre fails to defend itself.
You puncture the ogre!
The ogre is moderately wounded.
You block the ogre's attack.
Wield which item (- for none, * to show all)? (? for menu, Esc to quit)
a - a +0 long sword (weapon)
You feel very mighty all of a sudden.
The ogre hits you with a +0 giant club!!
Ouch! That really hurt!
You slash the ogre! Your squeeze misses the ogre.
The ogre is heavily wounded.
You block the ogre's attack.
You completely miss the ogre.
The ogre is heavily wounded.
The ogre hits you with a +0 giant club!!
Ouch! That really hurt!
You die...

#####
#.#.#
..#..
###.#.#
#.#.#.#
#...#.#
#..<#
#@#.#
#O#.#
#.#.#
....>
.###.
#. ..
#. ..
#.


You could see an ogre.

Vanquished Creatures
  A black bear (D:2)
  A scorpion (D:4)
  2 orc priests (D:3)
  A bullfrog skeleton (D:4)
  An orc wizard (D:3)
  2 worker ants (D:4)
  4 adders
  A worm (D:3)
  4 dart slugs
  3 leopard geckos
  10 orcs (D:3)
  4 giant cockroaches
  10 goblins
  5 hobgoblins
  6 jackals
  A kobold (D:1)
  A ball python (D:4)
  7 bats
  12 frilled lizards (D:1)
  A leopard gecko skeleton (D:4)
  7 rats
84 creatures vanquished.

Notes
Turn   | Place    | Note
-------+----------+-------------------------------------------
     0 | D:1      | Chimkentus the Octopode Fighter began the quest for the
                  | Orb.
     0 | D:1      | Reached XP level 1. HP: 16/16 MP: 1/1
   144 | D:1      | Reached XP level 2. HP: 16/21 MP: 2/2
   529 | D:1      | Reached XP level 3. HP: 25/26 MP: 3/3
   577 | D:1      | Reached skill level 1 in Stealth
   784 | D:2      | Noticed a black bear
   791 | D:2      | Killed a black bear
   791 | D:2      | Reached XP level 4. HP: 33/33 MP: 4/4
   791 | D:2      | Reached XP level 5. HP: 37/37 MP: 5/5
  1273 | D:2      | You fall into a shaft and drop 2 floors!
  1295 | D:4      | Found Eliymuk's Jewellery Emporium.
  1472 | D:4      | Reached skill level 1 in Throwing
  1680 | D:4      | Reached XP level 6. HP: 35/43 MP: 6/6
  2809 | D:3      | Reached XP level 7. HP: 31/49 MP: 7/7
  3418 | D:5      | Entered Level 5 of the Dungeon
  3427 | D:5      | Mangled by an ogre

Levels and vault maps discovered:
D:1:      lemuel_arrival_muddy, layout_basic, chequers_serial_rivers_micro_d,
          minmay_lizard_king
D:2:      layout_basic
D:3:      layout_basic
D:4:      layout_loops_ring, serial_shops, nicolae_shop_behind_doors
D:5:      layout_basic, first_ration, chequers_serial_rivers_small_3,
          grunt_qazlal_clouds

Skill      XL: |  1  2  3  4  5  6 |
---------------+-------------------+-----
Stealth        | 1 2 |  2.6
Long Blades    | 3 |  3.7
Fighting       | 4 |  4.3
Throwing       | 1 2 |  2.3
Shields        | 4 |  4.1
Short Blades   | |  0.3
Slings         | |  0.5
Dodging        | |  3.8

Action                   |  1- 3 |  4- 6 |  7- 9 || total
-------------------------+-------+-------+-------++-------
Melee: Long sword        |    49 |    53 |     3 ||   105
       Constrict         |    16 |    25 |       ||    41
       Tentacles         |    10 |    18 |     1 ||    29
       Dagger            |       |    21 |     1 ||    22
 Fire: Hunting sling     |     5 |       |       ||     5
Throw: Dart              |    10 |    37 |       ||    47
       Throwing net      |     1 |       |       ||     1
       Boomerang         |       |    33 |       ||    33
       Stone             |       |     1 |       ||     1
  Use: Scroll            |     1 |     6 |     1 ||     8
       Potion            |       |     1 |     1 ||     2
 Stab: Sleeping          |     1 |     4 |     1 ||     6
       Held in net/web   |     1 |       |       ||     1
  Eat: Chunk             |       |     6 |     1 ||     7
Armor: Skin              |     1 |     1 |       ||     2
Dodge: Dodged            |    12 |    24 |       ||    36
Block: Shield            |    20 |    21 |     2 ||    43
       Rpst.: Long sword |     4 |     6 |       ||    10

Table legend:
 A = Non-vault XP
 B = Vault XP
 C = Vault XP percentage of total XP
 D = Non-vault monster count
 E = Vault monster count
 F = Vault count percentage of total count
                 A         B        C        D         E       F
            +---------+---------+-------+---------+---------+-------
      Total |     608 |      13 |   2.1 |      73 |      11 |  13.1
            +---------+---------+-------+---------+---------+-------
        D:1 |      30 |      13 |  30.2 |      17 |      11 |  39.3
        D:2 |     163 |       0 |   0.0 |      12 |       0 |   0.0
        D:3 |     212 |       0 |   0.0 |      35 |       0 |   0.0
        D:4 |     203 |       0 |   0.0 |       9 |       0 |   0.0
            +---------+---------+-------+---------+---------+-------
